 Dungeon Crawl Stone Soup version 0.19-a0-518-g626ee58 (webtiles) character file.

1018 Ryco the Chopper (level 8, -7/72 HPs)
             Began as a Deep Dwarf Fighter on June 6, 2016.
             Was a Follower of Makhleb.
             Mangled by an ogre
             ... wielding a +0 giant club
              (18 damage)
             ... on level 6 of the Dungeon.
             The game lasted 00:17:22 (2342 turns).

Ryco the Chopper (Deep Dwarf Fighter)               Turns: 2342, Time: 00:17:23

Health: -7/72      AC:  6    Str: 22    XL:     8   Next: 2%
Magic:  7/7        EV: 11    Int: 13    God:    Makhleb [*.....]
Gold:   173        SH: 11    Dex: 12    Spells: 1 memorised, 3 levels left

rFire  . . .     SeeInvis .     a - +0 war axe
rCold  . . .     Gourm    .     t - +0 steam dragon armour
rNeg   . . .     Faith    .     c - +0 shield
rPois  .         Spirit   .     (no helmet)
rElec  .         Dismiss  .     (no cloak)
rCorr  .         Reflect  +     (no gloves)
SustAt .         Harm     .     (no boots)
MR     +....                    g - +2 amulet of reflection
Stlth  +.........               (no ring)
                                s - +4 ring of intelligence

@: non-regenerating, somewhat resistant to hostile enchantments, very unstealthy
A: damage resistance, recharge devices, sense surroundings 1, slow regeneration
3
a: Device Recharging, Renounce Religion


You were on level 6 of the Dungeon.
You worshipped Makhleb.
Makhleb was aware of your devotion.
You were not hungry.

You visited 1 branch of the dungeon, and saw 7 of its levels.

You collected 173 gold pieces.

Inventory:

Hand Weapons
 a - a +0 war axe (weapon)
Armour
 c - a +0 shield (worn)
 t - a +0 steam dragon armour (worn)
Jewellery
 g - a +2 amulet of reflection (around neck)
 s - a +4 ring of intelligence (left hand)
Wands
 e - a wand of heal wounds (2/9)
Scrolls
 j - 2 scrolls of enchant armour {unknown}
 l - a scroll of amnesia {unknown}
 m - a scroll of fear {unknown}
 n - 4 scrolls of fog
 o - 2 scrolls of teleportation
 q - 2 scrolls of immolation {unknown}
Potions
 d - a potion of might
 h - a potion of mutation
 i - 2 potions of curing
 k - 2 potions of heal wounds
 p - 2 potions of invisibility {unknown}
 r - a potion of ambrosia
Comestibles
 b - a beef jerky
 f - 4 bread rations


   Skills:
 + Level 4.3 Fighting
 * Level 6.1 Axes
 + Level 6.1 Armour
 + Level 4.4 Dodging
 - Level 3.2 Shields
 + Level 1.8 Evocations


You had 3 spell levels left.
You knew the following spells:

 Your Spells              Type           Power        Failure   Level  Hunger
a - Passage of Golubria   Tloc           N/A          100%        4    #####..


Dungeon Overview and Level Annotations

Branches:
Dungeon (7/15)
 Temple: D:4-7

Altars:
Dithmenos
Kikubaaqudgha
Makhleb
Pakellas
Qazlal
Xom
Yredelemnul

Shops:
D:7 =

Annotations:
D:4 Ryco's ghost, amateur DDFi
D:7 Prince Ribbit


Innate Abilities, Weirdness & Mutations

You are resistant to damage.
You can recharge devices by infusing magical energy.
You passively map a small area around you.
You do not regenerate naturally.


Message History

There is a stone staircase leading down here.
You climb downwards.
There is a stone staircase leading up here.
Press: ? - help, v - describe, . - travel The floor.
Unknown command.
There is a stone staircase leading up here.
An ogre comes into view. It is wielding a giant club.
The ogre shouts!
An ogre is nearby!
You barely miss the ogre. You block the ogre's attack.
You barely miss the ogre. The ogre barely misses you.
You slash the ogre!
The ogre is moderately wounded.
The ogre hits you with a giant club!
* * * LOW HITPOINT WARNING * * *
You hit the ogre.
The ogre is heavily wounded.
The ogre hits you with a giant club!!
You die...

..###.##.##.....##.#.#
....#.......###.##...#
.###.#>....## #.###..#
## ##......# #.###..#
# ##....># #......#
#.....# #####.## #
#.....# ####.# ##
#.###### #....# .###.#
#@#### #...####### #O#
##.#.......# #.#
......### .## #.#
.#.#..###...## #.#
.#.#:.#....... ..#
,#......# ###
###..###*,* ...... ,*


You could see an ogre.

Vanquished Creatures
  A hippogriff (D:7)
  A sky beast (D:7)
  A wasp (D:7)
  A phantom (D:5)
  A centaur (D:4)
  A howler monkey (D:6)
  2 crimson imps
  A hound (D:7)
  2 orc priests (D:4)
  3 orc wizards
  2 worker ants
  A hound zombie (D:7)
  2 hound skeletons
  A howler monkey skeleton (D:4)
  5 adders
  4 gnolls (D:3)
  A shadow imp (D:7)
  An adder zombie (D:6)
  3 worms
  A dart slug (D:1)
  3 giant geckos
  8 orcs
  A giant cockroach (D:5)
  4 goblins (D:2)
  6 hobgoblins
  3 jackals (D:2)
  3 kobolds
  A quokka (D:2)
  A bat (D:2)
  A giant gecko skeleton (D:5)
  2 giant newts (D:2)
  2 rats
70 creatures vanquished.

Notes
Turn   | Place    | Note
--------------------------------------------------------------
     0 | D:1      | Ryco the Deep Dwarf Fighter began the quest for the Orb.
     0 | D:1      | Reached XP level 1. HP: 20/20 MP: 1/1
    84 | D:2      | Reached XP level 2. HP: 22/28 MP: 2/2
   198 | D:3      | Found a shimmering altar of Xom.
   292 | D:2      | Reached XP level 3. HP: 19/34 MP: 3/3
   583 | D:4      | Found an oddly glowing altar of Pakellas.
   643 | D:4      | Noticed a centaur
   651 | D:4      | Reached skill level 1 in Dodging
   658 | D:4      | Killed a centaur
   658 | D:4      | Reached XP level 4. HP: 33/42 MP: 4/4
   664 | D:4      | Reached XP level 5. HP: 31/49 MP: 5/5
   747 | D:4      | Noticed a phantom
   799 | D:5      | Entered Level 5 of the Dungeon
   822 | D:5      | Found a shadowy altar of Dithmenos.
   882 | D:5      | Reached skill level 1 in Evocations
  1032 | D:5      | Found a stormy altar of Qazlal.
  1053 | D:5      | Reached XP level 6. HP: 13/56 MP: 5/5
  1229 | D:6      | Reached skill level 5 in Armour
  1483 | D:6      | Learned a level 4 spell: Passage of Golubria
  1581 | D:7      | HP: 2/57 [wasp (7)]
  1584 | D:7      | Reached skill level 5 in Axes
  1600 | D:7      | Reached XP level 7. HP: 18/63 MP: 6/6
  1651 | D:7      | Found a basalt altar of Yredelemnul.
  1652 | D:7      | Found a burning altar of Makhleb.
  1654 | D:7      | Found an ancient bone altar of Kikubaaqudgha.
  1672 | D:7      | Became a worshipper of Makhleb the Destroyer
  1702 | D:7      | Noticed a hippogriff
  1705 | D:7      | Noticed Prince Ribbit
  1715 | D:7      | Killed a hippogriff
  1769 | D:7      | Found Begaq's Jewellery Shop.
  2134 | D:3      | Reached XP level 8. HP: 21/72 MP: 7/7
  2178 | D:3      | Reached * piety under Makhleb
  2253 | D:4      | Noticed Ryco's ghost (amateur DDFi)
  2342 | D:6      | Mangled by an ogre

Vault maps used:
D:1:      evilmike_arrival_hilbert_curve
D:2:      first_bread
D:3:      xom_teletrap_fun, minmay_goblin_kobold_house
D:4:      led_sif_book, grunt_pakellas_basics
D:5:      lemuel_doored_altar, nicolae_qazlal_general_emergency
D:6:      kennysheep_mini_moat
D:7:      grunt_temple_overflow_open, minmay_temple_entry_statues_pillars,
          serial_shops, kennysheep_mini, nicolae_shop_statue_plus,
          grunt_livestock, serial_bayou_crossing, uniq_prince_ribbit1

Skill      XL: |  1  2  3  4  5  6  7 |
---------------+----------------------+-----
Fighting       | 3 4 |  4.3
Armour         | 4 5 6 |  6.1
Dodging        | 1 2 3 4 |  4.4
Axes           | 3 4 5 6 |  6.1
Evocations     | 1 |  1.8
Shields        | |  3.2

Action                   |  1- 3 |  4- 6 |  7- 9 || total
-------------------------+-------+-------+-------++-------
Melee: War axe           |    89 |   156 |    93 ||   338
 Abil: Device Recharging |       |     1 |     1 ||     2
Evoke: Wand              |     3 |     2 |     4 ||     9
  Use: Scroll            |       |     6 |     1 ||     7
       Potion            |       |       |     1 ||     1
  Eat: Beef jerky        |       |     1 |       ||     1
       Meat ration       |       |       |     1 ||     1
Armor: Scale mail        |    54 |    61 |    14 ||   129
       Steam dragon armo |       |       |     4 ||     4
Dodge: Dodged            |    36 |    42 |    30 ||   108
Block: Shield            |    54 |    99 |    53 ||   206
